[Event "Titled Tuesday Blitz May 24 Late 2022"]
[White "Saim, Mohamed Ilias"]
[Black "Taichman, Ori"]
[WhiteFideId "7900465"]
[BlackFideId "2804069"]
[WhiteElo "2006"]
[BlackElo "2227"]
[Result "0-1"]
[Round "01"]
[TimeControl "180+1"]
[Date "2022.05.25"]
[WhiteClock "0:00:02"]
[BlackClock "0:00:26"]

1. d4 Nf6 2. Nf3 g6 3. e3 Bg7 4. Be2 O-O 5. O-O b6 6. c4 Bb7 7. Nc3 Ne4 8. Qc2 Nxc3 9. Qxc3 c5 10. Rd1 d6 11. Qc2 Nd7 12. Rb1 Qc7 13. b4 Nf6 14. Bd3 Bxf3 15. gxf3 Qc6 16. Be4 Nxe4 17. Qxe4 Qa4 18. Rd2 cxd4 19. exd4 e6 20. a3 Rad8 21. Bb2 d5 22. Qc2 Qc6 23. c5 bxc5 24. bxc5 Rb8 25. Ba1 Bh6 26. Re2 Bf4 27. h3 Rb5 28. Rxb5 Qxb5 29. Qb2 Qd3 30. Qc2 Qxf3 31. c6 Qxh3 32. f3 Qxf3 33. c7 Be3+ 34. Rxe3 Qxe3+ 35. Kf1 Rc8 36. Bb2 Qf3+ 37. Ke1 Qg3+ 38. Kd1 Qxc7 39. Qd2 Qc4 0-1


[Site "https://www.chess.com"]

[Event "Titled Tuesday Blitz May 24 Late 2022"]
[White "Santos Ruiz, Miguel"]
[Black "Vivas Zamora, Fabian Ernesto"]
[WhiteFideId "22291482"]
[BlackFideId "3902480"]
[WhiteElo "2486"]
[BlackElo "1987"]
[Result "1-0"]
[Round "01"]
[TimeControl "180+1"]
[Date "2022.05.25"]
[WhiteClock "0:00:15"]
[BlackClock "0:00:01"]

1. e4 e5 2. Nf3 Nc6 3. Bc4 Nf6 4. d3 Bc5 5. Nc3 O-O 6. Be3 d6 7. h3 Bb6 8. a4 Be6 9. Bxe6 fxe6 10. Bxb6 axb6 11. O-O Qe8 12. Nb5 Qd7 13. Re1 Ne7 14. g3 Ng6 15. Nh2 d5 16. Nc3 d4 17. Nb5 c6 18. Na3 Rxa4 19. Nf3 Rfa8 20. Kg2 b5 21. Rb1 Ne8 22. h4 h6 23. h5 Nf8 24. Nxe5 Qc7 25. f4 Nd6 26. Qg4 Qe7 27. Re2 Nd7 28. Ng6 Qf7 29. Rf1 b4 30. Nb1 Ra2 31. b3 Nb5 32. f5 e5 33. Qh4 Re8 34. Ref2 Nf6 35. Nd2 Rxc2 36. Nc4 Rxf2+ 37. Rxf2 Kh7 38. Ncxe5 Qxb3 39. g4 Nd6 40. g5 hxg5 41. Qxg5 Qxd3 42. Nxd3 Ndxe4 43. Qh4 Nxf2 44. Nxf2 c5 45. h6 Nd5 46. hxg7+ Kxg7 47. Ng4 Re2+ 48. Kf3 1-0


[Site "https://www.chess.com"]

[Event "Titled Tuesday Blitz May 24 Late 2022"]
[White "Sapunov, Evgeny"]
[Black "Villiers, Thomas"]
[WhiteFideId "4126661"]
[BlackFideId "427209"]
[WhiteElo "2470"]
[BlackElo "2164"]
[Result "1-0"]
[Round "01"]
[TimeControl "180+1"]
[Date "2022.05.25"]
[WhiteClock "0:00:46"]
[BlackClock "0:00:38"]

1. c4 e5 2. Nf3 Nc6 3. Nc3 g6 4. d4 exd4 5. Nxd4 Bg7 6. Nxc6 bxc6 7. g3 Ne7 8. Bg2 O-O 9. O-O Rb8 10. Qa4 Re8 11. Rd1 Bb7 12. Qxa7 Bxc3 13. bxc3 Qc8 14. e4 d6 15. Qe3 c5 16. Qh6 Qe6 17. Bg5 Bxe4 18. Bxe4 Qxe4 19. Re1 Qc2 20. Bxe7 Rb2 21. Qf4 Qxc3 22. Rac1 Qa3 23. Bf6 Rxe1+ 24. Rxe1 Rb8 25. Qh6 Rf8 26. Qg7# 1-0


[Site "https://www.chess.com"]

[Event "Titled Tuesday Blitz May 24 Late 2022"]
[White "Semenenko, Dmytry"]
[Black "Taboas Rodriguez, Daniel"]
[WhiteFideId "14118645"]
[BlackFideId "2208466"]
[WhiteElo "2113"]
[BlackElo "2429"]
[Result "1-0"]
[Round "01"]
[TimeControl "180+1"]
[Date "2022.05.25"]
[WhiteClock "0:01:10"]
[BlackClock "0:00:20"]

1. Nf3 Nf6 2. c4 g6 3. d4 Bg7 4. Nc3 O-O 5. e4 d6 6. Be2 e5 7. dxe5 dxe5 8. Bg5 c6 9. O-O Qe7 10. h3 h6 11. Be3 Na6 12. a3 Rd8 13. Qc2 Nc5 14. b4 Ne6 15. Nxe5 Nd4 16. Bxd4 Rxd4 17. Nf3 Rd8 18. Rad1 Be6 19. e5 Nh5 20. Ne4 Nf4 21. c5 Bf5 22. Bc4 Bxe5 23. Nxe5 Qxe5 24. Rde1 Re8 25. Qb3 Bxe4 26. Bxf7+ Kf8 27. Bxe8 Rxe8 28. f3 Qd4+ 29. Kh1 Bd5 30. Rxe8+ Kxe8 31. Qc2 Kf7 32. Re1 h5 33. Qd1 h4 34. Qxd4 1-0


[Site "https://www.chess.com"]

[Event "Titled Tuesday Blitz May 24 Late 2022"]
[White "Sirosh, Ilja"]
[Black "Nakamura, Hikaru"]
[WhiteFideId "4500458"]
[BlackFideId "2016192"]
[WhiteElo "2241"]
[BlackElo "2850"]
[Result "0-1"]
[Round "01"]
[TimeControl "180+1"]
[Date "2022.05.24"]
[WhiteClock "0:00:05"]
[BlackClock "0:01:51"]

1. e4 Nf6 2. e5 Nd5 3. d4 d6 4. Nf3 g6 5. exd6 cxd6 6. Be2 Bg7 7. O-O O-O 8. c4 Nb6 9. Nc3 Bg4 10. b3 Nc6 11. Be3 d5 12. c5 Nc8 13. h3 Bxf3 14. Bxf3 e6 15. Rb1 N8e7 16. b4 Nf5 17. Ne2 Nh4 18. b5 Nxf3+ 19. gxf3 Ne7 20. Ng3 h5 21. Qd2 h4 22. Ne2 Nf5 23. Rfc1 Rc8 24. Bf4 Qd7 25. a4 f6 26. Kh1 e5 27. dxe5 fxe5 28. Bg5 Nd4 29. Ng1 Nxf3 30. Qe3 e4 31. Rd1 Nxg1 32. Kxg1 Qe6 33. Qd2 d4 34. Qc2 d3 35. Qb3 Qxb3 36. Rxb3 Bd4 37. Be3 Bxe3 38. fxe3 Rf3 39. Rc3 Rxe3 40. c6 bxc6 41. bxc6 Rxh3 42. c7 Rf3 43. Rb1 d2 0-1


[Site "https://www.chess.com"]

[Event "Titled Tuesday Blitz May 24 Late 2022"]
[White "Sokolovsky, Yahli"]
[Black "Bas Mas, Jose Joaquin"]
[WhiteFideId "2820242"]
[BlackFideId "22219064"]
[WhiteElo "1770"]
[BlackElo "2233"]
[Result "1-0"]
[Round "01"]
[TimeControl "180+1"]
[Date "2022.05.25"]
[WhiteClock "0:00:38"]
[BlackClock "0:00:59"]

1. b3 b6 2. Bb2 Bb7 3. e3 d6 4. d4 g6 5. d5 Nf6 6. c4 Bg7 7. Nf3 O-O 8. Be2 a5 9. Nc3 Nbd7 10. O-O e5 11. Nd2 Nc5 12. Qc2 Qe7 13. a3 Nfd7 14. b4 axb4 15. axb4 Na6 16. Ra4 f5 17. e4 f4 18. Rfa1 h5 19. f3 Kh7 20. c5 bxc5 21. Bxa6 Bxa6 22. Rxa6 Rxa6 23. Rxa6 cxb4 24. Na4 g5 25. Qxc7 Rf7 26. Qxd6 Qe8 27. Qg6+ Kg8 28. Nc4 Nf8 29. Nd6 Nxg6 30. Nxe8 Nf8 31. Nxg7 1-0


[Site "https://www.chess.com"]

[Event "Titled Tuesday Blitz May 24 Late 2022"]
[White "Steinberg, Nitzan"]
[Black "Rios Escobar, Adan"]
[WhiteFideId "2801795"]
[BlackFideId "3403645"]
[WhiteElo "2471"]
[BlackElo "2483"]
[Result "1-0"]
[Round "01"]
[TimeControl "180+1"]
[Date "2022.05.24"]
[WhiteClock "0:01:49"]
[BlackClock "0:00:01"]

1. d4 Nf6 2. Nf3 g6 3. Nbd2 d5 4. c4 c6 5. e3 Bg7 6. b4 O-O 7. Bb2 Bg4 8. Be2 Nbd7 9. h3 Bxf3 10. Nxf3 Re8 11. O-O Ne4 12. Qb3 e5 13. cxd5 exd4 14. dxc6 bxc6 15. Bc4 Qe7 16. exd4 Nb6 17. Bd3 Qd6 18. Rfe1 Nf6 19. Ne5 Nbd5 20. a3 Nh5 21. Rac1 Rac8 22. Bc4 Nhf4 23. Qf3 Rf8 24. Re4 Ne6 25. h4 Bh6 26. Rce1 Bd2 27. R1e2 Bh6 28. Ng4 Bg7 29. h5 gxh5 30. Ne5 f5 31. Rh4 f4 32. Qxh5 Nf6 33. Qf5 h6 34. Bxe6+ Kh8 35. Ng6+ Kh7 36. Nxf8+ Kh8 37. Ng6+ Kh7 38. Ne7+ Kh8 39. Rxh6+ Bxh6 40. Qxf6+ Bg7 41. Qh4+ Bh6 42. Qxh6# 1-0


[Site "https://www.chess.com"]

[Event "Titled Tuesday Blitz May 24 Late 2022"]
[White "Stojanovski, Sandi"]
[Black "Suder, Jakub"]
[WhiteFideId "1403249"]
[BlackFideId "1195310"]
[WhiteElo "2308"]
[BlackElo "2058"]
[Result "1/2-1/2"]
[Round "01"]
[TimeControl "180+1"]
[Date "2022.05.25"]
[WhiteClock "0:00:05"]
[BlackClock "0:00:08"]

1. d3 d5 2. Nf3 Nf6 3. g3 c5 4. Bg2 Nc6 5. O-O e6 6. c4 g6 7. Nc3 Bg7 8. Bf4 h6 9. Ne5 Nxe5 10. Bxe5 d4 11. Na4 Qe7 12. b4 cxb4 13. Bxd4 Bd7 14. Bxb7 Rb8 15. Bf3 a5 16. Nb6 e5 17. Nxd7 Nxd7 18. Bb2 O-O 19. Qc2 Nc5 20. Bd5 Kh7 21. f4 f5 22. fxe5 a4 23. d4 a3 24. Bc1 b3 25. axb3 Nxb3 26. Bxa3 Qa7 27. Bxf8 Nxa1 28. Qd1 Nb3 29. Bxg7 Kxg7 30. e3 Qa2 31. Rf2 Qa3 32. Qd3 Qc1+ 33. Rf1 Qb2 34. c5 Nd2 35. Rf2 Qc1+ 36. Kg2 Nb1 37. g4 Nc3 38. gxf5 Rb1 39. fxg6 Qg1+ 40. Kf3 Nxd5 41. Ke4 Qxf2 42. Kxd5 Qf3+ 43. Qe4 Qxe4+ 44. Kxe4 Rc1 45. Kd5 Kxg6 46. Kd6 Kf5 47. c6 Rc2 48. c7 Rxh2 49. e4+ Kxe4 50. c8=Q Rd2 51. Qe6 Rxd4+ 52. Ke7 h5 53. Qg6+ Ke3 54. Qxh5 Rd5 55. Qg6 Rd4 56. Qe6 Re4 57. Kf6 Kd4 58. Ke7 Rxe5 59. Qxe5+ Kxe5 1/2-1/2


[Site "https://www.chess.com"]

[Event "Titled Tuesday Blitz May 24 Late 2022"]
[White "Stoleriu, George"]
[Black "Roman, Rodrigo"]
[WhiteFideId "1227505"]
[BlackFideId "3701220"]
[WhiteElo "2194"]
[BlackElo "2001"]
[Result "0-1"]
[Round "01"]
[TimeControl "180+1"]
[Date "2022.05.25"]
[WhiteClock "0:00:08"]
[BlackClock "0:00:12"]

1. e4 c5 2. Nf3 Nc6 3. Bb5 Nd4 4. Nxd4 cxd4 5. O-O g6 6. d3 Bg7 7. f4 a6 8. Bc4 d6 9. f5 Nf6 10. Bg5 h6 11. Bxf6 Bxf6 12. fxg6 fxg6 13. Nd2 Qa5 14. Bb3 Qg5 15. Nf3 Qe3+ 16. Kh1 Bg4 17. Qe1 Qxe1 18. Nxe1 Rc8 19. h3 Bd7 20. Nf3 e6 21. e5 dxe5 22. Nxd4 Ke7 23. Nf3 e4 24. dxe4 Bxb2 25. Rad1 Bc6 26. Rfe1 g5 27. e5 Rcd8 28. Rd6 Rxd6 29. exd6+ Kxd6 30. Rxe6+ Kc5 31. Ne1 Ba3 32. c3 Rf8 33. Kh2 Kb6 34. Nd3 Rd8 35. Nb4 Rd2 36. Nxc6 bxc6 37. Rxh6 Bd6+ 38. Kg1 Bg3 39. Kf1 Rf2+ 40. Ke1 Rf6+ 0-1


[Site "https://www.chess.com"]

[Event "Titled Tuesday Blitz May 24 Late 2022"]
[White "Svane, Rasmus"]
[Black "Stevens, Christian"]
[WhiteFideId "4657101"]
[BlackFideId "2604450"]
[WhiteElo "2674"]
[BlackElo "2525"]
[Result "0-1"]
[Round "01"]
[TimeControl "180+1"]
[Date "2022.05.24"]
[WhiteClock "0:00:03"]
[BlackClock "0:00:03"]

1. Nf3 Nf6 2. g3 d5 3. Bg2 c6 4. O-O Bg4 5. h3 Bxf3 6. Bxf3 Nbd7 7. d3 e5 8. e4 dxe4 9. dxe4 Be7 10. Nd2 Qc7 11. Qe2 O-O 12. Nb3 a5 13. a4 Nc5 14. Nxc5 Bxc5 15. Kg2 h6 16. Bd2 Rfe8 17. Rfd1 Rad8 18. Be1 Qb6 19. c3 Qb3 20. Rd2 Rxd2 21. Qxd2 Qc4 22. Qc2 Rd8 23. b3 Qd3 24. Qxd3 Rxd3 25. Be2 Rd8 26. f3 Bb6 27. Rd1 Rxd1 28. Bxd1 Kf8 29. Bc2 Ke8 30. f4 Bc7 31. Kf3 Nd7 32. Bd2 Bb6 33. h4 Ke7 34. Bc1 Bc5 35. Bd3 Bd6 36. Be3 Nc5 37. Bc2 Ne6 38. f5 Nc5 39. g4 f6 40. g5 hxg5 41. hxg5 Kd7 42. g6 Kc7 43. Ke2 Bf8 44. Bd2 Na6 45. Kd3 b5 46. Be3 Bc5 47. Bc1 Bf8 48. Ke2 b4 49. Bd2 bxc3 50. Bxc3 Bb4 51. Bb2 Kd6 52. Bc1 Ke7 53. Kf3 Nc5 54. Be3 Nd7 55. Bd3 Nc5 56. Bc4 Nd7 57. Bh6 Kf8 58. Bc1 Nc5 59. Be3 Nd7 60. Bd3 Nc5 61. Bc2 Nd7 62. Ke2 Nc5 63. Bf2 Ke7 64. Be3 Kf8 65. Bc1 Ke7 66. Ke3 Kf8 67. Bd2 Bxd2+ 68. Kxd2 Na6 69. Kc3 Nb4 70. Bd1 Ke7 71. Kc4 Kd6 72. Be2 Na2 73. Bd3 Nb4 74. Bb1 Na6 75. Bd3 Nb4 76. Be2 Na2 77. Kd3 Nb4+ 78. Kc3 Na2+ 79. Kc4 Nb4 80. Bd3 Na2 81. Bf1 Nb4 82. Kc3 Na2+ 83. Kb2 Nb4 84. Bc4 Kc5 85. Kc3 Na2+ 86. Kb2 Nb4 87. Kc3 Na2+ 88. Kd3 Nb4+ 89. Ke3 Na2 90. Be6 Kb4 91. Kd3 Nc1+ 92. Kc2 Ne2 93. Kd3 Nd4 94. Bd7 Nxb3 95. Bxc6 Nc5+ 96. Kc2 Nxa4 97. Bd5 Nc3 98. Bc6 a4 99. Kb2 a3+ 100. Ka1 Kc4 101. Bb7 Kd4 102. Ba6 Nxe4 103. Ka2 Nd6 104. Kxa3 Nxf5 105. Kb2 Nh4 106. Kc2 Nxg6 107. Kd2 Nf4 108. Bc8 e4 109. Bf5 e3+ 110. Ke1 g6 111. Bc2 f5 112. Bd1 Ke5 113. Bc2 g5 114. Ba4 g4 115. Bc6 Ng6 116. Ke2 Kf4 117. Bd7 Ne7 118. Be6 Ke5 119. Bd7 Nd5 120. Bc6 Ke4 121. Bb7 f4 122. Bc8 f3+ 123. Ke1 Kf4 124. Bb7 Nf6 125. Bc8 Ne4 126. Bb7 g3 127. Kd1 g2 0-1


[Site "https://www.chess.com"]

[Event "Titled Tuesday Blitz May 24 Late 2022"]
[White "Tanenbaum, Zachary"]
[Black "Deviprasath, Sharvesh"]
[WhiteFideId "2060850"]
[BlackFideId "30938228"]
[WhiteElo "2168"]
[BlackElo "2102"]
[Result "0-1"]
[Round "01"]
[TimeControl "180+1"]
[Date "2022.05.25"]
[WhiteClock "0:00:02"]
[BlackClock "0:01:07"]

1. e4 c5 2. Nf3 d6 3. d4 cxd4 4. Nxd4 Nf6 5. Nc3 Nc6 6. Bg5 g6 7. Bxf6 exf6 8. Bc4 Bg7 9. O-O O-O 10. Ndb5 f5 11. exf5 Bxf5 12. Nxd6 Bxc2 13. Nxf7 Qh4 14. Qd5 Ne7 15. Qe6 Bf5 16. Nh6+ Kh8 17. Nxf5 Nxf5 18. g3 Qh5 19. Be2 Qh6 20. Qd7 Rae8 21. Bc4 Nd4 22. Bd5 Rd8 23. Qxb7 Rxd5 24. Kg2 Rdd8 25. f4 Nc2 26. Qxa7 Nxa1 27. Qf2 Bxc3 28. bxc3 Qg7 29. Qb2 Rb8 30. Qxa1 Qb7+ 31. Kg1 Qb2 32. Qe1 Rfe8 33. Qd1 Qxc3 34. a4 Rbd8 35. Qa1 Qxa1 36. Rxa1 Ra8 37. a5 Reb8 38. Kg2 Rb2+ 39. Kh3 Rb5 40. Kg4 Rbxa5 41. Rd1 R8a7 42. h4 Kg7 43. Rd6 h5+ 44. Kh3 Ra1 45. Rd5 R7a2 46. Rd7+ Kh6 47. g4 Ra3+ 48. Kg2 hxg4 49. Rd5 R1a2+ 50. Kh1 g3 51. Rd1 Rf3 52. Kg1 Rff2 53. f5 Rg2+ 54. Kh1 Rh2+ 55. Kg1 gxf5 56. h5 Rag2+ 57. Kf1 Rh1+ 58. Kxg2 Rxd1 59. Kh3 Kxh5 60. Kg2 Rd2+ 61. Kh3 g2 62. Kh2 f4 63. Kh3 f3 64. Kh2 Kg4 65. Kg1 Rd1+ 66. Kf2 g1=Q# 0-1


[Site "https://www.chess.com"]

[Event "Titled Tuesday Blitz May 24 Late 2022"]
[White "Tarigan, Gilbert Elroy"]
[Black "Mickiewicz, Piotr"]
[WhiteFideId "7108133"]
[BlackFideId "1114891"]
[WhiteElo "1908"]
[BlackElo "2223"]
[Result "1/2-1/2"]
[Round "01"]
[TimeControl "180+1"]
[Date "2022.05.25"]
[WhiteClock "0:00:30"]
[BlackClock "0:00:14"]

1. c4 g6 2. Nf3 Bg7 3. e3 d6 4. d4 c5 5. dxc5 Qa5+ 6. Bd2 Qxc5 7. Bc3 Nf6 8. Be2 O-O 9. O-O Bg4 10. Nbd2 Nc6 11. h3 Bd7 12. Nb3 Qb6 13. c5 Qc7 14. cxd6 exd6 15. Rc1 a6 16. Nbd4 Rac8 17. Qb3 Rfd8 18. Rfd1 d5 19. Nxc6 Bxc6 20. Qa3 Qd7 21. Ne5 Qe6 22. Nxc6 Rxc6 23. Bd4 Rdc8 24. b3 Ne4 25. Rxc6 Qxc6 26. Bxg7 Kxg7 27. Bf3 h5 28. Qb2+ Qc3 29. Qxc3+ Nxc3 30. Rd2 Kf6 31. Bxd5 Rd8 32. Rd3 Nxd5 33. e4 Ke5 34. exd5 Rxd5 35. Re3+ Kd6 36. Re2 Rd1+ 37. Kh2 h4 38. g3 hxg3+ 39. fxg3 a5 40. h4 f5 41. Kg2 Rd3 42. Rf2 b5 43. h5 gxh5 44. Rxf5 Rd2+ 45. Kf3 Kc6 46. a4 Rd3+ 47. Kg2 Rxb3 48. Rxh5 bxa4 49. Rxa5 a3 50. Kh3 Kb6 51. Ra8 Kb5 52. Kh4 Kb4 53. g4 Kc3 54. g5 Kb2 55. g6 Rb7 56. Kg5 a2 57. Kh6 Rb6 58. Kh7 Rxg6 59. Kxg6 a1=Q 60. Rxa1 Kxa1 1/2-1/2


[Site "https://www.chess.com"]

[Event "Titled Tuesday Blitz May 24 Late 2022"]
[White "Terry, Renato"]
[Black "Tisaj, Domen"]
[WhiteFideId "3803457"]
[BlackFideId "14628708"]
[WhiteElo "2577"]
[BlackElo "2326"]
[Result "1/2-1/2"]
[Round "01"]
[TimeControl "180+1"]
[Date "2022.05.24"]
[WhiteClock "0:00:02"]
[BlackClock "0:00:08"]

1. e4 e5 2. Nf3 Nf6 3. Nxe5 d6 4. Nf3 Nxe4 5. Nc3 Nf6 6. d4 g6 7. Bd3 Bg7 8. Qe2+ Qe7 9. Qxe7+ Kxe7 10. Bg5 c6 11. O-O-O Re8 12. Bf4 Bg4 13. Rde1+ Kd7 14. Ng5 Be6 15. Re2 Na6 16. Bxa6 bxa6 17. Rhe1 Bc4 18. Rxe8 Rxe8 19. Rxe8 Nxe8 20. Be3 h6 21. Nf3 Nf6 22. Nd2 Be6 23. f3 Nd5 24. Nxd5 Bxd5 25. b3 Be6 26. Ne4 g5 27. Ng3 f5 28. f4 g4 29. c4 Bf6 30. Kd2 d5 31. Kd3 Bh4 32. Ne2 Bd8 33. Nc3 h5 34. Na4 Bb6 35. Bf2 Bf7 36. Be1 Be6 37. g3 Bf7 38. Bb4 Kc8 39. Bc5 Kb7 40. Bd6 Be8 41. Be7 Bf7 42. Bc5 Be6 43. Bxb6 axb6 44. Nc3 Kc7 45. a4 Kd6 46. Nd1 c5 47. Kc3 dxc4 48. bxc4 cxd4+ 49. Kxd4 Bd7 50. Nb2 Bc6 51. a5 bxa5 52. c5+ Ke6 53. Nc4 a4 54. Na3 Bb5 55. Nc2 a5 56. Na3 Ba6 57. Nb1 Bb5 58. Nc3 Bc6 59. Nb1 Bb5 60. Na3 Ba6 61. Nc2 Bb5 62. Na3 1/2-1/2


[Site "https://www.chess.com"]

[Event "Titled Tuesday Blitz May 24 Late 2022"]
[White "Toncheva, Nadya"]
[Black "Motylev, Alexander"]
[WhiteFideId "2924056"]
[BlackFideId "4121830"]
[WhiteElo "1888"]
[BlackElo "2470"]
[Result "1-0"]
[Round "01"]
[TimeControl "180+1"]
[Date "2022.05.25"]
[WhiteClock "0:00:11"]
[BlackClock "0:00:01"]

1. e4 c5 2. Nf3 d6 3. d4 cxd4 4. Nxd4 Nf6 5. f3 a6 6. c4 e5 7. Nc2 Be6 8. Nc3 Nbd7 9. Be3 Rc8 10. Nd5 Be7 11. Be2 Bxd5 12. cxd5 Nh5 13. Qd2 O-O 14. O-O Nf4 15. Rac1 Bg5 16. Rfd1 Bh6 17. Bf1 f5 18. exf5 Rxf5 19. g3 Ng6 20. Bxh6 gxh6 21. Qxh6 Rxf3 22. Bh3 Kh8 23. Ne1 Rxc1 24. Rxc1 Rf8 25. Ng2 Qb6+ 26. Kh1 Nc5 27. Nh4 Rg8 28. Nxg6+ Rxg6 29. Qf8+ Rg8 30. Qf6+ Rg7 31. Rf1 Qc7 32. b4 Nd3 33. Be6 Nf4 34. Qf8+ 1-0


[Site "https://www.chess.com"]

[Event "Titled Tuesday Blitz May 24 Late 2022"]
[White "Torres Hernandez, Leslie Carolin"]
[Black "Domingo Nunez, Ruben"]
[WhiteFideId "8400504"]
[BlackFideId "22245570"]
[WhiteElo "1920"]
[BlackElo "2376"]
[Result "0-1"]
[Round "01"]
[TimeControl "180+1"]
[Date "2022.05.25"]
[WhiteClock "0:00:54"]
[BlackClock "0:01:13"]

1. e4 b6 2. d4 Bb7 3. Bd3 e6 4. Nf3 c5 5. c3 Nf6 6. Qe2 Be7 7. O-O d5 8. exd5 Qxd5 9. c4 Qh5 10. Nbd2 O-O 11. b3 Nc6 12. Bb2 Rfe8 13. Rfe1 cxd4 14. Nxd4 Nxd4 15. Bxd4 Rad8 16. Bxf6 Qxe2 17. Bxe2 Bxf6 18. Rad1 Bc3 19. Nf3 Bxe1 20. Rxe1 Rd6 21. h3 Red8 22. b4 Rc8 23. Ne5 f6 24. Nf3 Bxf3 25. gxf3 Kf7 26. f4 Rd4 0-1


[Site "https://www.chess.com"]

[Event "Titled Tuesday Blitz May 24 Late 2022"]
[White "Tristan, Leonardo"]
[Black "Bernal Moro, Luis Javier"]
[WhiteFideId "113816"]
[BlackFideId "2200236"]
[WhiteElo "2404"]
[BlackElo "2373"]
[Result "1-0"]
[Round "01"]
[TimeControl "180+1"]
[Date "2022.05.25"]
[WhiteClock "0:00:03"]
[BlackClock "0:00:03"]

1. d4 Nf6 2. Nf3 g6 3. Bf4 Bg7 4. e3 O-O 5. Be2 b6 6. O-O Bb7 7. h3 d6 8. a4 a6 9. Nbd2 Nbd7 10. c3 e6 11. Bh2 Qe7 12. Bd3 e5 13. e4 Rfe8 14. Re1 h6 15. Qc2 Nh7 16. dxe5 dxe5 17. Bc4 Ng5 18. Nxg5 hxg5 19. b4 Nf6 20. Nf1 g4 21. hxg4 Nxg4 22. Bg3 Bh6 23. f3 Nf6 24. Ne3 Nh5 25. Bf2 Bf4 26. Nd5 Bxd5 27. Bxd5 Rad8 28. Qa2 Kg7 29. Rad1 Rh8 30. g4 Nf6 31. Bc4 Rxd1 32. Rxd1 Rh2 33. Bf1 Nh7 34. Bg2 Ng5 35. Qe2 Nh3+ 36. Bxh3 Rxh3 37. Kg2 Rh2+ 38. Kg1 Qg5 39. Rd7 Qh6 40. Kf1 Rh1+ 41. Bg1 Qh3+ 42. Qg2 Qh4 43. Ke2 Bh2 44. Bf2 Bf4 45. Bxh4 Rh2 46. Qxh2 Bxh2 47. Bd8 1-0


[Site "https://www.chess.com"]

[Event "Titled Tuesday Blitz May 24 Late 2022"]
[White "Vajda, Levente"]
[Black "Remolar Gallen, Jose"]
[WhiteFideId "1203975"]
[BlackFideId "2215187"]
[WhiteElo "2573"]
[BlackElo "2205"]
[Result "1-0"]
[Round "01"]
[TimeControl "180+1"]
[Date "2022.05.25"]
[WhiteClock "0:00:31"]
[BlackClock "0:00:04"]

1. e4 c5 2. c3 g6 3. d4 cxd4 4. cxd4 d5 5. exd5 Nf6 6. Nc3 Bg7 7. Qb3 O-O 8. Be2 Nbd7 9. Bf3 Nb6 10. Nge2 Bf5 11. O-O Bd3 12. d6 exd6 13. Rd1 Bc4 14. Qc2 Nfd5 15. Nf4 Nxc3 16. bxc3 d5 17. a4 a5 18. Rb1 Rc8 19. Ba3 Re8 20. Bg4 Rc6 21. Bf3 Qg5 22. Bc1 Qe7 23. Be3 Qd7 24. h4 Rf6 25. Nd3 Bxd3 26. Qxd3 Qxa4 27. Ra1 Qc4 28. Rxa5 Qxd3 29. Rxd3 Rc6 30. Bxd5 Nxd5 31. Rxd5 Rec8 32. Bd2 Bf6 33. Rb5 b6 34. g3 Bd8 35. Kg2 Kf8 36. h5 Ke8 37. g4 Kd7 38. Rf3 f6 39. hxg6 hxg6 40. Rh3 Be7 41. Rh7 Rg8 42. d5 Rd6 43. Bf4 1-0


[Site "https://www.chess.com"]

[Event "Titled Tuesday Blitz May 24 Late 2022"]
[White "Vega Gutierrez, Sabrina"]
[Black "Ohanyan, Emin"]
[WhiteFideId "2219026"]
[BlackFideId "13312022"]
[WhiteElo "2286"]
[BlackElo "1927"]
[Result "1-0"]
[Round "01"]
[TimeControl "180+1"]
[Date "2022.05.25"]
[WhiteClock "0:00:48"]
[BlackClock "0:00:01"]

1. e4 e5 2. Nf3 Nc6 3. Nc3 Nf6 4. g3 Bb4 5. Bg2 O-O 6. O-O d6 7. d3 Bg4 8. h3 Bd7 9. Nd5 Nxd5 10. exd5 Ne7 11. c3 Bc5 12. Ng5 h6 13. Ne4 Bb6 14. a4 a5 15. Nd2 Qc8 16. Kh2 f5 17. Nc4 Bc5 18. Be3 Bxe3 19. fxe3 b6 20. b4 Qe8 21. b5 g5 22. Bf3 Qg6 23. e4 f4 24. Bh5 Qg7 25. Bg4 Ng6 26. Bxd7 Qxd7 27. Qg4 Qxg4 28. hxg4 Rf6 29. gxf4 exf4 30. d4 Re8 31. Rae1 Rf7 32. e5 Rfe7 33. exd6 Rxe1 34. Rxe1 Rd8 35. dxc7 Rc8 36. d6 Nf8 37. Nxb6 Ra8 38. Nxa8 1-0


[Site "https://www.chess.com"]

[Event "Titled Tuesday Blitz May 24 Late 2022"]
[White "Wachinger, Guenther"]
[Black "Papasimakopoulos, Alexandros"]
[WhiteFideId "4604261"]
[BlackFideId "4244125"]
[WhiteElo "2212"]
[BlackElo "2340"]
[Result "1-0"]
[Round "01"]
[TimeControl "180+1"]
[Date "2022.05.25"]
[WhiteClock "0:00:05"]
[BlackClock "0:00:16"]

1. e4 e6 2. d4 d5 3. Nd2 Nf6 4. e5 Nfd7 5. Bd3 c5 6. c3 Nc6 7. Ne2 cxd4 8. cxd4 f6 9. exf6 Nxf6 10. Nf3 Bd6 11. h3 Qc7 12. O-O O-O 13. Re1 Bd7 14. Be3 Be8 15. Ng5 Bf7 16. Nc3 a6 17. Rc1 Rae8 18. Nxf7 Qxf7 19. Bb1 e5 20. dxe5 Nxe5 21. Bd4 Kh8 22. Qc2 Ned7 23. Rcd1 Be5 24. Bxe5 Rxe5 25. Rxe5 Nxe5 26. Qf5 Ng6 27. Nxd5 Rd8 28. Nc3 Rxd1+ 29. Nxd1 Ne7 30. Qe5 Nc6 31. Qd6 g6 32. Ne3 Kg7 33. g4 Qd7 34. Qxd7+ Nxd7 35. Be4 Kf6 36. f4 Nc5 37. Bb1 Nd4 38. Kf2 Na4 39. Be4 b5 40. Nd1 Nc5 41. Ke3 Nde6 42. Bf3 Na4 43. b3 Nb6 44. Nc3 Nc5 45. Nd5+ Nxd5+ 46. Bxd5 Ke7 47. Bg8 h6 48. Bd5 Kd6 49. Be4 a5 50. Bxg6 a4 51. Bc2 a3 52. h4 Ke6 53. g5 hxg5 54. fxg5 Na6 55. h5 Nb4 56. Bb1 Nd5+ 57. Kf3 Nc3 58. Bd3 Nxa2 59. h6 Nb4 60. h7 Nxd3 61. h8=Q Ne5+ 62. Ke4 Nf7 63. Qf6+ Kd7 64. Qxf7+ Kc6 65. Qe6+ Kc5 66. Qe7+ 1-0


[Site "https://www.chess.com"]

[Event "Titled Tuesday Blitz May 24 Late 2022"]
[White "Wachinger, Nikolas"]
[Black "Stanisz, Patryk"]
[WhiteFideId "12962791"]
[BlackFideId "1123106"]
[WhiteElo "2227"]
[BlackElo "1833"]
[Result "1-0"]
[Round "01"]
[TimeControl "180+1"]
[Date "2022.05.25"]
[WhiteClock "0:00:20"]
[BlackClock "0:00:03"]

1. d4 d5 2. Nf3 Nf6 3. Bf4 c5 4. e3 Nc6 5. Nbd2 e6 6. c3 cxd4 7. exd4 Nh5 8. Bg5 f6 9. Be3 Bd6 10. g3 g6 11. Bg2 O-O 12. Nh4 Ng7 13. Bh6 Rf7 14. O-O g5 15. Bxg7 Kxg7 16. Nhf3 h6 17. c4 Bc7 18. Re1 Re7 19. Rc1 Bd7 20. Qb3 Na5 21. Qb4 Bc6 22. c5 e5 23. Qc3 e4 24. b4 exf3 25. Qxf3 Nc4 26. Nxc4 dxc4 27. d5 Rxe1+ 28. Rxe1 Bb5 29. d6 Bxd6 30. cxd6 Bc6 31. Qd1 Bxg2 32. Re7+ Kh8 33. Qh5 Qf8 34. Qg6 1-0


[Site "https://www.chess.com"]

[Event "Titled Tuesday Blitz May 24 Late 2022"]
[White "Ward, Ieuan C"]
[Black "Yang, Kaiqi"]
[WhiteFideId "406627"]
[BlackFideId "8604398"]
[WhiteElo "2322"]
[BlackElo "2373"]
[Result "0-1"]
[Round "01"]
[TimeControl "180+1"]
[Date "2022.05.25"]
[WhiteClock "0:00:36"]
[BlackClock "0:01:16"]

1. e4 e6 2. d4 d5 3. Nd2 Nc6 4. Ngf3 Nf6 5. e5 Nd7 6. c3 f6 7. exf6 Qxf6 8. Bb5 Bd6 9. O-O O-O 10. Qe2 e5 11. Bxc6 bxc6 12. dxe5 Nxe5 13. Nxe5 Bxe5 14. h3 Bd6 15. Nb3 Bd7 16. Be3 Rae8 17. Rae1 Qg6 18. Kh1 Bf5 19. Rg1 Bd3 20. Qd2 Be4 21. f3 Qg3 0-1


[Site "https://www.chess.com"]

[Event "Titled Tuesday Blitz May 24 Late 2022"]
[White "Wieczorek, Oskar"]
[Black "Jarocka, Liwia"]
[WhiteFideId "1133950"]
[BlackFideId "21807558"]
[WhiteElo "2330"]
[BlackElo "1887"]
[Result "1-0"]
[Round "01"]
[TimeControl "180+1"]
[Date "2022.05.25"]
[WhiteClock "0:00:55"]
[BlackClock "0:00:21"]

1. e4 d5 2. exd5 Qxd5 3. Nc3 Qd8 4. d4 g6 5. Bc4 Bg7 6. Nf3 Nf6 7. O-O O-O 8. h3 Nc6 9. Re1 b6 10. a4 Bb7 11. Bf4 e6 12. Qd2 Nb4 13. Ne5 Nbd5 14. Nxd5 Nxd5 15. Bg3 a5 16. Bb5 Ne7 17. Rad1 c6 18. Bc4 Nf5 19. Bf4 Qe7 20. c3 Rfd8 21. Nxf7 Kxf7 22. Bg5 Qc7 23. Rxe6 Kf8 24. g4 b5 25. Ba2 Bc8 26. Bxd8 Qxd8 27. gxf5 Bxe6 28. fxe6 Qe7 29. axb5 cxb5 30. Qf4+ Kg8 31. d5 Kh8 32. d6 1-0


[Site "https://www.chess.com"]